 Dungeon Crawl Stone Soup version 0.31-a0-426-g3a05650e59 (webtiles) character file.

Game seed: 8803998227833540691

2146 RepHenryClay the Destroyer (level 9, -12/51 HPs)
             Began as an Octopode Conjurer on July 30, 2023.
             Was a Follower of Vehumet.
             Mangled by an orc warrior
             ... wielding a +0 battleaxe
              (20 damage)
             ... on level 6 of the Dungeon.
             The game lasted 00:08:47 (6098 turns).

RepHenryClay the Destroyer (Octopode Conjurer)      Turns: 6098, Time: 00:08:48

Health: -12/51     AC:  1    Str:  7    XL:     9   Next: 31%
Magic:  3/21       EV: 13    Int: 24    God:    Vehumet [*.....]
Gold:   292        SH:  0    Dex: 10    Spells: 5/12 levels left

rFire   . . .        (no weapon)
rCold   + . .        (no shield)
rNeg    + . .        (helmet restricted)
rPois   .            e - amulet of regeneration
rElec   .            n - ring of positive energy
rCorr   .            h - ring of protection from cold
SInv    .            s - ring of magical power
Will    .....        (no ring)
Stlth   +++          (no ring)
HPRegen 1.08/turn    (no ring)
MPRegen 0.17/turn    (no ring)
                     (no ring)

%: no passive effects
@: very slightly contaminated
A: almost no armour, amphibious, 8 rings, camouflage 1, gelatinous body 1,
(nimble swimmer 1), tentacles
a: Renounce Religion


You were on level 6 of the Dungeon.
You worshipped Vehumet.
Vehumet was aware of your devotion.
You visited 2 branches of the dungeon, and saw 7 of its levels.

You collected 292 gold pieces.

Inventory:

Missiles
 m - a throwing net
Jewellery
 e - an amulet of regeneration (around mantle)
 h - a ring of protection from cold (right tentacle)
 n - a ring of positive energy (left tentacle)
 s - a ring of magical power (on tentacle)
Scrolls
 b - 4 scrolls of poison {unknown}
 c - 3 scrolls of vulnerability {unknown}
 d - a scroll of blinking {unknown}
 i - 3 scrolls of amnesia {unknown}
 j - a scroll of silence {unknown}
 k - a scroll of teleportation {unknown}
 o - 2 scrolls of fog {unknown}
 p - 2 scrolls of identify {unknown}
 r - 2 scrolls of torment {unknown}
 t - a scroll of fear {unknown}
 v - a scroll of enchant weapon {unknown}
Potions
 a - a potion of magic
 f - 2 potions of curing
 g - a potion of ambrosia
 l - 2 potions of degeneration {unknown}
 q - a potion of attraction {unknown}
 u - a potion of heal wounds
 w - a potion of cancellation {unknown}


   Skills:
 + Level 3.4 Dodging
 - Level 3.4 Stealth
 - Level 2.3 Spellcasting
 - Level 11.9 Conjurations
 + Level 2.0 Translocations


You had 5 spell levels left.
You knew the following spells:

 Your Spells              Type           Power      Damage    Failure   Level
a - Magic Dart            Conj           100%       1d8       1%          1
b - Searing Ray           Conj           100%       2d8       1%          2
c - Iskenderun's Mystic   Conj/Tloc      36%        2d9       7%          4

Your spell library contained the following spells:

 Spells                   Type           Power      Damage    Failure   Level
 Shock                    Conj/Air       100%       1d9       1%          1
 Dazzling Flash           Conj/Hex       62%        N/A       3%          3
 Lesser Beckoning         Tloc           24%        N/A       8%          2
 Fulminant Prism          Conj/Hex       15%        3d10      10%         4
 Gell's Gravitas          Tloc           12%        N/A       16%         3
 Teleport Other           Tloc           12%        N/A       16%         3
 Ensorcelled Hibernation  Hex/Ice        4%         N/A       17%         2
 Anguish                  Hex/Necr       1%         N/A       75%         4


Dungeon Overview and Level Annotations

Branches:
Dungeon (6/15)             Temple (1/1) D:4

Altars:
Ashenzari
Cheibriados
Fedhas
Gozag
Hepliaklqana
Kikubaaqudgha
Makhleb
Nemelex Xobeh
Qazlal
Ru
Sif Muna
Trog
Uskayaw
Vehumet
Wu Jian
Xom
Yredelemnul
Zin
The Shining One

Shops:
D:2 (

Annotations:
D:4 Eustachio
D:5 3 runed translucent doors, EonArisen's ghost, amateur DsSh


Innate Abilities, Weirdness & Mutations

You cannot wear most types of armour.
You are amphibious.
You can wear up to eight rings at the same time.
Your skin changes colour to match your surroundings (Stealth+).
Your rubbery body absorbs attacks. (AC +1, EV +1)
((You are camouflaged when in or above water. (Stealth+)))
You have tentacles for arms and can constrict up to eight enemies at once.


Message History

Confirm with . or Enter, or press ? or * to list all spells.
Aiming: Searing Ray (safe; 1% risk of failure)
Press: ? - help, Shift-Dir - straight line, f - orc warrior
Aim: an orc warrior, wielding a +0 battleaxe and wearing a +0 plate armour (83% to hit)
The searing ray hits the orc warrior but does no damage. (Press . to maintain the ray.)
The searing ray hits the orc warrior.
The orc warrior is lightly wounded.
The searing ray hits the orc warrior.
The orc warrior is moderately wounded.
The orc warrior hits you with a +0 battleaxe!!
Huge Dmg: -35%(-18hp) hp: 65%(33hp)
The searing ray misses the orc warrior.
You finish channelling your searing ray.
The orc warrior hits you with a +0 battleaxe!
* * * LOW HITPOINT WARNING * * *
Huge Dmg: -27%(-14hp) hp: 38%(19hp)
Casting: Searing Ray (safe; 1% risk of failure)
Confirm with . or Enter, or press ? or * to list all spells.
You erupt in a blast of force!
The mystic blast hits the orc warrior but does no damage.
The orc warrior is moderately wounded.
The orc warrior hits you with a +0 battleaxe!
* * * LOW HITPOINT WARNING * * *
Huge Dmg: -20%(-10hp) hp: 18%(9hp)
Casting: Iskenderun's Mystic Blast (dangerous; 7% risk of failure)
Confirm with . or Enter, or press ? or * to list all spells.
You miscast Iskenderun's Mystic Blast.
You are very lightly contaminated with residual magic.
Nothing appears to happen.
The orc warrior hits you with a +0 battleaxe.
* * * LOW HITPOINT WARNING * * *
Huge Dmg: -4%(-2hp) hp: 14%(7hp)
Casting: Iskenderun's Mystic Blast (dangerous; 7% risk of failure)
Confirm with . or Enter, or press ? or * to list all spells.
You erupt in a blast of force!
The mystic blast hits the orc warrior but does no damage.
The orc warrior is moderately wounded.
The orc warrior hits you with a +0 battleaxe!!
You die...

#########
######.......#
#............#
#............# #
#...@........# .#
#...o........#########
..##
+......^..............
.....
#....[.###............
ยง..D. #.....)#
#............ #
#......# #............
# #......#
#............ #
........#
#...)......). #
........#
#...)........


You could see an orc warrior.

Vanquished Creatures
  Grinder (D:3)
  Menkaure (D:6)
  A steam dragon (D:6)
  2 water moccasins
  2 ice beasts (D:6)
  3 centaurs
  2 ogres (D:6)
  A phantom (D:4)
  5 scorpions
  A hound (D:5)
  A jelly (D:5)
  An orc priest (D:6)
  A sleepcap (D:6)
  8 iguanas
  4 gnolls (D:4)
  7 adders
  2 white imps
  An ufetubus (D:6)
  2 worms
  2 dart slugs
  5 orcs
  7 endoplasms
  4 giant cockroaches
  8 hobgoblins
  7 jackals
  3 quokkas
  5 ball pythons
  4 bats
  2 frilled lizards
  7 goblins
  6 kobolds
  2 rats
108 creatures vanquished.

Notes
Turn   | Place    | Note
-------+----------+-------------------------------------------
     0 | D:1      | RepHenryClay the Octopode Conjurer began the quest for the
                  | Orb.
     0 | D:1      | Reached XP level 1. HP: 11/11 MP: 3/3
   137 | D:1      | Found a faded altar of an unknown god.
   163 | D:1      | Reached XP level 2. HP: 6/17 MP: 0/5
  1296 | D:2      | Reached XP level 3. HP: 21/21 MP: 3/6
  1486 | D:2      | Found Xecuajai's Antique Weapon Shoppe.
  1808 | D:2      | Reached XP level 4. HP: 25/27 MP: 2/7
  2527 | D:3      | Reached skill level 5 in Conjurations
  2658 | D:3      | Noticed Grinder
  2661 | D:3      | Paralysed by Grinder for 4 turns
  2670 | D:3      | Paralysed by Grinder for 5 turns
  2684 | D:3      | Killed Grinder
  2685 | D:3      | Reached skill level 6 in Conjurations
  2685 | D:3      | Reached XP level 5. HP: 26/31 MP: 8/8
  2685 | D:3      | Reached XP level 6. HP: 31/36 MP: 9/9
  3046 | D:4      | Noticed Eustachio
  3095 | D:3      | Learned a level 2 spell: Searing Ray
  3100 | D:3      | Learned a level 4 spell: Iskenderun's Mystic Blast
  3323 | D:4      | Reached skill level 7 in Conjurations
  3440 | D:4      | Found a staircase to the Ecumenical Temple.
  3473 | Temple   | Entered the Ecumenical Temple
  3482 | Temple   | Became a worshipper of Vehumet
  3625 | D:4      | Reached XP level 7. HP: 41/41 MP: 5/10
  4022 | D:4      | Found a glowing golden altar of the Shining One.
  4055 | D:5      | Entered Level 5 of the Dungeon
  4056 | D:5      | Found a hazy altar of Hepliaklqana.
  4072 | D:5      | Reached skill level 8 in Conjurations
  4120 | D:5      | Found a stormy altar of Qazlal.
  4125 | D:5      | Found a glowing silver altar of Zin.
  4191 | D:5      | Noticed EonArisen's ghost (amateur DsSh)
  4245 | D:5      | Found a runed translucent gate.
  4245 | D:5      | Found a runed translucent gate.
  4245 | D:5      | Found a runed translucent gate.
  4494 | D:5      | Reached skill level 9 in Conjurations
  4611 | D:5      | Reached XP level 8. HP: 39/46 MP: 11/11
  4808 | D:5      | Found a shimmering blue altar of Sif Muna.
  5089 | D:6      | Reached * piety under Vehumet
  5089 | D:6      | Offered knowledge of Shock by Vehumet.
  5154 | D:6      | Reached skill level 10 in Conjurations
  5585 | D:6      | Reached skill level 11 in Conjurations
  5652 | D:6      | Reached XP level 9. HP: 36/51 MP: 12/12
  5808 | D:6      | Noticed Menkaure
  5813 | D:6      | Killed Menkaure
  6039 | D:6      | Reached skill level 1 in Translocations
  6098 | D:6      | Mangled by an orc warrior

Illustrated notes

Levels and vault maps discovered:
D:1:      onia_arrival_pentagram, layout_rooms,
          hellmonk_ecumenical_altar_lost_god, serial_co_window_serial,
          co_window_of_opportunity_a, co_window_corner_a, co_window_paths_b,
          co_window_paths_b, co_window_paths_b, co_window_corner_a,
          co_window_paths_a, co_window_paths_c, co_window_2corner,
          co_window_of_opportunity_b, co_window_unsneaky_path_e,
          co_window_paths_e, glass_columns_b, glass_columns_c, glass_columns_a,
          glass_columns_b, glass_columns_b, kennysheep_flooded_box
D:2:      layout_basic, serial_shops, shop
D:3:      layout_loops_ring, uniq_grinder
D:4:      layout_rooms, mainiacjoe_overflow_catwalk,
          minmay_temple_entry_mini_moons, serial_park_tiny_1, uniq_eustachio
D:5:      layout_basic, led_sif_pool, minitemple, gammafunk_ghost_icy
D:6:      layout_basic, uniq_menkaure
Temple:   nicolae_temple_two_arcs

Skill      XL: |  1  2  3  4  5  6  7  8  9 |
---------------+----------------------------+-----
Stealth        | 3 |  3.4
Conjurations   | 6 7 9 11 | 11.9
Dodging        | 3 |  3.4
Translocations | 2 |  2.0
Spellcasting   | |  2.3

Action                     |  1- 3 |  4- 6 |  7- 9 || total
---------------------------+-------+-------+-------++-------
  Melee: Unarmed           |    30 |    23 |       ||    53
         Tentacles         |     9 |     5 |       ||    14
         Constrict         |     7 |     5 |       ||    12
         Punch             |     1 |       |       ||     1
   Cast: Magic Dart        |    53 |    59 |    83 ||   195
         Searing Ray       |       |     2 |    31 ||    33
         Iskenderun's Myst |       |       |     2 ||     2
    Use: Potion            |       |     5 |       ||     5
   Stab: Sleeping          |     1 |     3 |       ||     4
 Armour: Skin              |     3 |     3 |     2 ||     8
  Dodge: Dodged            |    26 |    10 |    21 ||    57

Table legend: (Time is in decaauts)
 A = Elapsed time spent in this place.
 B = Non-inter-level travel time spent in this place.
 C = Inter-level travel time spent in this place.
 D = Time resting spent in this place.
 E = Time spent auto-exploring this place.
 F = Levels seen in this place.
 G = Mean time per level.
                   A        B        C        D        E       F      G
               +--------+--------+--------+--------+--------+-----+--------+
         Total |   6110 |   5817 |    293 |    291 |   4734 |   7 |  872.9 |
       Dungeon |   6091 |   5806 |    285 |    291 |   4734 |   6 | 1015.2 |
        Temple |     18 |     10 |      8 |      0 |      0 |   1 |   18.0 |
               +--------+--------+--------+--------+--------+-----+--------+

Top non-repeatable levels by time:
     D:1: 1273 daAuts
     D:3: 1076 daAuts
     D:5: 1068 daAuts
     D:6: 975 daAuts
     D:2: 872 daAuts
     D:4: 824 daAuts
  Temple: 18 daAuts
